 Dungeon Crawl Stone Soup version 0.30-a0-373-gd37427bb62 (webtiles) character file.

Game seed: 3730773797726455658

5012 zishaf the Thaumaturge (level 10, -9/76 HPs)
             Began as a Djinni Venom Mage on Nov 23, 2022.
             Killed by divine providence
             ... invoked by an orc priest
              (13 damage)
             ... on level 9 of the Dungeon.
             The game lasted 00:15:51 (9157 turns).

zishaf the Thaumaturge (Djinni Venom Mage)          Turns: 9157, Time: 00:15:51

Health: -9/76      AC: 10    Str:  7    XL:     10   Next: 84%
Gold:   442        EV: 10    Int: 22    God:
                   SH: 17    Dex: 13

rFire   + + +      SeeInvis +    d - +0 dagger
rCold   + + +      Faith    .    w - +3 kite shield {rC+ rF+}
rNeg    . . .      Spirit   .    c - +4 skin of Zhor {*Englaciate rC+++ SInv}
rPois   ∞          Reflect  +    b - +0 helmet
rElec   .          Harm     .    r - +2 cloak
rCorr   .          Rampage  .    (no gloves)
Will    +....                    (boots unavailable)
Stlth   ++........               l - amulet of reflection
HPRegen 0.32/turn                (no ring)
MPRegen 0.00/turn                (no ring)

@: radiating poison, flying
A: sickness immunity, fire resistance 2, cold vulnerability 1, float, innate
caster, HP casting, extra vitality 1
a: no special abilities


You were on level 9 of the Dungeon.
You visited 2 branches of the dungeon, and saw 10 of its levels.

You collected 442 gold pieces.

Inventory:

Hand Weapons
 d - a +0 dagger (weapon)
Armour
 b - a +0 helmet (worn)
 c - the +4 skin of Zhor (worn) {*Englaciate rC+++ SInv}
   (You acquired it on level 4 of the Dungeon)

   It radiates cold, occasionally slowing all nearby creatures who are not
   resistant to cold.
   rC:        It renders you almost immune to cold.
   SInv:      It lets you see invisible.
 r - a +2 cloak (worn)
 w - a +3 kite shield of resistance (worn)
 D - the +1 leather armour of Xipihurr {Dex+5 Stlth+}
   (You found it on level 8 of the Dungeon)

   Dex:       It affects your dexterity (+5).
   Stlth:     It makes you more stealthy.
Jewellery
 l - an amulet of reflection (around neck)
 t - a ring of protection from fire
Wands
 a - a wand of flame (14)
 f - a wand of charming (19)
 x - a wand of acid (7)
 y - a wand of polymorph (10)
 A - a wand of roots (15)
Scrolls
 i - a scroll of fog
 j - 2 scrolls of fear
 k - 2 scrolls of enchant armour
 n - a scroll of identify
 p - 5 scrolls of teleportation
 u - 3 scrolls of immolation
 v - a scroll of vulnerability
Potions
 e - 5 potions of curing
 g - 2 potions of mutation
 h - 3 potions of cancellation
 m - 2 potions of ambrosia
 o - 2 potions of might
 q - 2 potions of berserk rage
 s - 2 potions of resistance
 z - 3 potions of brilliance
 B - 4 potions of heal wounds
 C - a potion of lignification {unknown}


   Skills:
 + Level 8.0 Fighting
 - Level 2.1 Dodging
 - Level 1.5 Stealth
 - Level 4.0 Shields
 * Level 9.2 Spellcasting
 - Level 4.0 Evocations


You had 9 spell levels left.
You knew the following spells:

 Your Spells              Type           Power      Damage    Failure   Level
a - Sting                 Tmut/Pois      100%       1d8       1%          1
b - Poisonous Vapours     Pois/Air       100%       N/A       1%          2
c - Tukima's Dance        Hex            50%        N/A       1%          3
z - Mephitic Cloud        Conj/Pois/Air  50%        N/A       1%          3
A - Olgreb's Toxic Radia  Pois           50%        N/A       4%          4
B - Blink                 Tloc           100%       N/A       1%          2
C - Static Discharge      Conj/Air       100%       2-7/arc   1%          2
S - Beastly Appendage     Tmut           100%       N/A       1%          1
Your spell library was empty.

Dungeon Overview and Level Annotations

Branches:
Dungeon (9/15)             Temple (1/1) D:4             Orc (0/2) D:9
   Lair: D:8-11

Altars:
Ashenzari
Dithmenos
Elyvilon
Fedhas
Gozag
Hepliaklqana
Makhleb
Okawaru
Qazlal
Ru
Trog
Wu Jian
Xom
Yredelemnul
Zin
The Shining One

Shops:
D:2 :   D:4 =[=!


Innate Abilities, Weirdness & Mutations

You are immune to sickness and miasma.
You are immune to poison.
Your flesh is very heat resistant. (rF++)
You are vulnerable to cold. (rC-)
You float through the air rather than walking.
You learn spells naturally, not from books.
Your magical power is your life essence.
You have superior vitality. (+4 MHP)


Message History

The orc warrior looks even sicker.
The orc looks even sicker.
An orc priest comes into view. It is wielding a +0 club.
Unknown command.
You kill the orc!
The orc priest looks even sicker.
The orc priest is poisoned.
You kill the orc!
The orc priest looks even sicker.
Your toxic aura wanes.
The orc warrior shoots a bolt.
The bolt misses you.
The orc priest mumbles some strange prayers to Beogh against you.
Pain shoots through your body! The acid dragon spits acid at you.
The splash of acid reflects off an invisible shield around you!
The splash of acid hits the acid dragon.
The orc priest mumbles some strange prayers to Beogh against you.
Beogh smites you!
The orc warrior shoots a bolt.
The bolt hits you.
The orc priest calls upon Beogh to heal the orc priest.
The orc priest's wounds heal themselves!
The orc warrior shoots a bolt.
You reflect the bolt off an invisible shield around you!
The bolt completely misses the orc priest.
The bolt hits the orc warrior but does no damage.
The orc priest calls down the wrath of Beogh upon you.
Beogh smites you!
You feel a bit more experienced.
The orc priest calls upon Beogh to heal the orc priest.
The orc priest is healed somewhat.
Casting: Olgreb's Toxic Radiance (dangerous; 4% risk of failure)
Confirm with . or Enter, or press ? or * to list all spells.
You begin to radiate toxic energy.
The orc priest looks even sicker. x2
You kill the orc priest!
The acid dragon spits acid at you. The splash of acid hits you!!
* * * LOW HITPOINT WARNING * * *
The orc priest miscasts a cantrip.
The orc priest looks even sicker.
The orc priest mumbles some strange prayers to Beogh against you.
Beogh smites you!
You die...

########..........
#........<. ## #..........
... #......... ....
########......... .)...
............#########.)o...
............#........).).).
##+#######..'......D.......
#..#.@....o.......
#..#..........).>.
#.##..............
#.#.........o.....
#.#...............
#.##########)..... ... ....
.[


You could see an acid dragon and 2 orc priests.

Vanquished Creatures
  A two-headed ogre (D:6)
  Maurice (D:9)
  A wyvern (D:8)
  6 yaks (D:8)
  A steam dragon (D:7)
  Menkaure (D:7)
  2 water moccasins
  2 ice beasts
  2 orc warriors (D:9)
  3 black bears
  3 sky beasts
  2 ogres
  A phantom (D:4)
  4 bullfrogs
  A necrophage (D:6)
  5 wights (D:7)
  5 howler monkeys (D:7)
  A jelly (D:5)
  3 orc priests
  3 hounds
  3 iguanas
  Jessica (D:3)
  Ijyb (D:5)
  Natasha (thrice) (D:3)
  An orc wizard (D:4)
  9 adders
  6 gnolls
  2 white imps
  2 ufetubi
  3 worms
  3 dart slugs
  28 orcs
  10 endoplasms
  5 giant cockroaches
  6 goblins
  12 hobgoblins
  2 quokkas
  9 ball pythons
  6 bats
  A frilled lizard (D:2)
  6 kobolds
  4 rats
171 creatures vanquished.

Vanquished Creatures (others)
  A bullfrog (D:7)
  A howler monkey (D:5)
2 creatures vanquished.

Grand Total: 173 creatures vanquished

Notes
Turn   | Place    | Note
-------+----------+-------------------------------------------
     0 | D:1      | zishaf the Djinni Venom Mage began the quest for the Orb.
     0 | D:1      | zishaf set off with the following spells memorised: Sting,
                  | Poisonous Vapours, Mephitic Cloud, Olgreb's Toxic Radiance.
     0 | D:1      | Reached XP level 1. HP: 15/15 MP: 0/0
   259 | D:1      | Reached XP level 2. HP: 21/22 MP: 0/0
   562 | D:2      | Reached skill level 1 in Fighting
   562 | D:2      | Reached XP level 3. HP: 20/27 MP: 0/0
   562 | D:2      | Learned a level 1 spell: Beastly Appendage
   614 | D:2      | Reached skill level 3 in Spellcasting
   653 | D:2      | Noticed a black bear
   674 | D:2      | Killed a black bear
   675 | D:2      | Reached XP level 4. HP: 6/33 MP: 0/0
   675 | D:2      | Reached XP level 5. HP: 7/38 MP: 0/0
   675 | D:2      | Learned a level 2 spell: Static Discharge
  1081 | D:2      | Found Senkig's Book Shoppe.
  1593 | D:2      | Reached skill level 4 in Spellcasting
  2255 | D:3      | Noticed Natasha
  2262 | D:3      | Killed Natasha
  2263 | D:3      | Reached XP level 6. HP: 40/45 MP: 0/0
  2383 | D:3      | Noticed Natasha
  2386 | D:3      | Killed Natasha
  2387 | D:3      | Reached skill level 1 in Shields
  2594 | D:3      | Noticed an ogre
  2597 | D:3      | Killed an ogre
  2599 | D:3      | Noticed Jessica
  2608 | D:3      | Killed Jessica
  2743 | D:3      | Identified the +2 scale mail of Vasijaut {-Cast rElec rF+
                  | Regen+}
  2959 | D:3      | Noticed Natasha
  2966 | D:3      | Killed Natasha
  2967 | D:3      | Reached XP level 7. HP: 44/50 MP: 0/0
  2967 | D:3      | Learned a level 2 spell: Blink
  3093 | D:4      | Identified a scroll of acquirement
  3093 | D:4      | Acquired the +4 skin of Zhor {*Englaciate rC+++ SInv}
  3093 | D:4      | Found the +4 skin of Zhor {*Englaciate rC+++ SInv}
  3138 | D:4      | Found Tudan's Antique Armour Emporium.
  3252 | D:4      | Found Buets's Jewellery Shoppe.
  3442 | D:4      | Found Giley's Jewellery Shop.
  3456 | D:4      | Found an opulent altar of Gozag.
  3468 | D:4      | Found Cifupana's Distillery.
  3538 | D:4      | Reached skill level 5 in Spellcasting
  3573 | D:4      | Found a staircase to the Ecumenical Temple.
  3672 | Temple   | Entered the Ecumenical Temple
  3672 | Temple   | Found a transporter.
  3672 | Temple   | Found a transporter.
  3674 | Temple   | Found a transporter.
  3674 | Temple   | Found a transporter.
  4443 | D:4      | Reached XP level 8. HP: 54/58 MP: 0/0
  4646 | D:5      | Entered Level 5 of the Dungeon
  4646 | D:5      | Noticed Ijyb
  4655 | D:5      | Killed Ijyb
  4942 | D:5      | Reached skill level 1 in Evocations
  5222 | D:5      | Found a bloodstained altar of Trog.
  5692 | D:6      | Found a broken altar of Ashenzari.
  6020 | D:6      | Noticed a two-headed ogre
  6041 | D:6      | Killed a two-headed ogre
  6042 | D:6      | Reached skill level 5 in Fighting
  6042 | D:6      | Reached skill level 6 in Spellcasting
  6042 | D:6      | Reached XP level 9. HP: 45/65 MP: 0/0
  6042 | D:6      | Learned a level 3 spell: Tukima's Dance
  6247 | D:6      | Found a blossoming altar of Fedhas.
  6518 | D:6      | Found an ornate altar of the Wu Jian Council.
  6603 | D:6      | Reached skill level 7 in Spellcasting
  7065 | D:7      | Reached XP level 10. HP: 49/73 MP: 0/0
  7231 | D:7      | Reached skill level 8 in Spellcasting
  7603 | D:7      | Noticed Menkaure
  7607 | D:7      | Killed Menkaure
  7914 | D:7      | Found an iron altar of Okawaru.
  8136 | D:8      | Found a stormy altar of Qazlal.
  8381 | D:8      | Found a hazy altar of Hepliaklqana.
  8470 | D:8      | Found a burning altar of Makhleb.
  8619 | D:8      | Identified the +1 leather armour of Xipihurr {Dex+5 Stlth+}
  8660 | D:8      | Reached skill level 9 in Spellcasting
  9060 | D:9      | Noticed Maurice
  9076 | D:9      | Killed Maurice
  9149 | D:9      | Found a staircase to the Orcish Mines.
  9156 | D:9      | HP: 3/76 [acid dragon/splash of acid (29)]
  9157 | D:9      | Killed from afar by an orc priest

Illustrated notes

Levels and vault maps discovered:
D:1:      scummos_arrival_hexagon, layout_basic, serial_glass, glass_columns_b,
          glass_columns_b, glass_columns_a, glass_columns_a, glass_columns_b,
          glass_columns_a, glass_columns_c, glass_columns_a, glass_columns_a,
          glass_columns_a, glass_columns_a, glass_columns_b, glass_columns_a,
          glass_columns_b, minmay_pentomino_w2
D:2:      minmay_razor_zed, layout_loops_corners, serial_shops,
          nicolae_diamond_shop, basic_altar, minmay_increasing_density
D:3:      layout_loops_ring, minmay_crystal_water, dreamdust_princess_corridor,
          minmay_misc_feat_five, uniq_jessica, uniq_natasha
D:4:      minmay_inner_zag, layout_loops_ring, overflow_temple_1_default,
          lemuel_temple_firewalk_b, serial_shops, nicolae_shop_stone,
          nicolae_shop_behind_doors, nicolae_take_the_stairs, nicolae_shop_stone
D:5:      layout_layer_cave, trog_book, uniq_ijyb
D:6:      layout_basic, grunt_temple_overflow_magic_moments,
          cheibrodos_ashenzari_chains,
          mainiacjoe_overflow_concentric_impassable,
          lemuel_coloured_pillars_altar
D:7:      layout_gridville, okawaru_altar_gauntlet_db,
          hangedman_decor_diamond_cutter, uniq_menkaure
D:8:      layout_loops_ring, mainiacjoe_overflow_small_starburst,
          kennysheep_mini_moat, lightli_temple_of_fire
D:9:      layout_irregular_city, david_orc_3, uniq_maurice
Temple:   hellmonk_temple_divided_pantheon

Skill      XL: |  1  2  3  4  5  6  7  8  9 10 |
---------------+-------------------------------+-----
Fighting       | 1 2 3 4 5 6 8 |  8.0
Spellcasting   | 3 4 5 6 7 9 |  9.2
Shields        | 1 3 4 |  4.0
Evocations     | 3 4 |  4.0
Dodging        | |  2.1
Stealth        | |  1.5

Action                   |  1- 3 |  4- 6 |  7- 9 | 10-12 || total
-------------------------+-------+-------+-------+-------++-------
Melee: Unarmed           |     1 |     3 |       |       ||     4
       Dagger            |       |       |    41 |    50 ||    91
 Cast: Sting             |    32 |   114 |   236 |    37 ||   419
       Poisonous Vapours |     4 |     1 |     4 |     2 ||    11
       Mephitic Cloud    |     1 |     1 |       |     1 ||     3
       Static Discharge  |       |       |    13 |     7 ||    20
       Olgreb's Toxic Ra |       |       |     6 |    10 ||    16
  Use: Scroll            |       |       |    20 |     2 ||    22
 Stab: Confused          |       |       |       |     1 ||     1
Armor: Robe              |     6 |    16 |       |       ||    22
       Animal skin       |       |       |    33 |    13 ||    46
Dodge: Dodged            |    13 |    27 |    32 |    14 ||    86
Block: Buckler           |       |     8 |       |       ||     8
       Kite shield       |       |       |   132 |    68 ||   200
       Reflection        |       |       |     3 |     6 ||     9

Table legend: (Time is in decaauts)
 A = Elapsed time spent in this place.
 B = Non-inter-level travel time spent in this place.
 C = Inter-level travel time spent in this place.
 D = Time resting spent in this place.
 E = Time spent auto-exploring this place.
 F = Levels seen in this place.
 G = Mean time per level.
                   A        B        C        D        E       F      G
               +--------+--------+--------+--------+--------+-----+--------+
         Total |   9172 |   8892 |    280 |    120 |   7497 |  10 |  917.2 |
       Dungeon |   9130 |   8859 |    271 |    120 |   7495 |   9 | 1014.4 |
        Temple |     41 |     32 |      9 |      0 |      2 |   1 |   41.0 |
               +--------+--------+--------+--------+--------+-----+--------+

Top non-repeatable levels by time:
     D:2: 1739 daAuts
     D:4: 1419 daAuts
     D:7: 1297 daAuts
     D:6: 1079 daAuts
     D:3: 1066 daAuts
     D:5: 1046 daAuts
     D:8: 1002 daAuts
     D:1: 380 daAuts
     D:9: 97 daAuts
  Temple: 41 daAuts
